 Dungeon Crawl Stone Soup version 0.27-a0-1202-ge72e49191c (webtiles) character file.

Game seed: 781196054516267920

270 lunkers the Digger (level 6, 0/41 HPs)
             Began as a Formicid Earth Elementalist on June 2, 2021.
             Slain by Pikel
             ... wielding a +2 whip of flaming
              (2 damage)
             ... on level 4 of the Dungeon.
             The game lasted 00:06:56 (3407 turns).

lunkers the Digger (Formicid Earth Elementalist)    Turns: 3407, Time: 00:06:57

Health: 0/41       AC:  7    Str: 13    XL:     6   Next: 46%
Magic:  2/12       EV: 11    Int: 16    God:
Gold:   123        SH:  0    Dex: 11    Spells: 7/13 levels left

rFire    . . .     SeeInvis +   q - +2 dire flail (holy)
rCold    . . .     Faith    .   (no shield)
rNeg     . . .     Spirit   .   e - +0 troll leather armour
rPois    .         Reflect  .   (helmet unavailable)
rElec    .         Harm     .   (no cloak)
rCorr    .         Rampage  .   l - +2 pair of gloves {Stlth+}
Will     .....                  (no boots)
Stlth    +++.......             p - amulet of magic regeneration
HPRegen  1.13/turn              (no ring)
MPRegen  0.38/turn              (no ring)

@: no status effects
A: permanent stasis, dig shafts and tunnels, antennae 3, four strong arms
a: Dig, Shaft Self


You were on level 4 of the Dungeon.
You visited 1 branch of the dungeon, and saw 5 of its levels.

You collected 123 gold pieces.

Inventory:

Hand Weapons
 q - a +2 dire flail of holy wrath (weapon)
Missiles
 b - 51 stones
Armour
 c - a +0 robe
 e - a +0 troll leather armour (worn)
 l - a +2 pair of gloves of stealth (worn)
 m - a +3 scale mail
 r - a +3 scale mail of cold resistance
Jewellery
 d - an amulet of the acrobat
 p - an amulet of magic regeneration (around neck)
Scrolls
 f - a scroll of brand weapon {unknown}
 h - a scroll of torment {unknown}
 j - 3 scrolls of identify {unknown}
 k - a scroll of teleportation {unknown}
 n - 2 scrolls of summoning {unknown}
Potions
 a - 2 potions of curing {unknown}
 g - 2 potions of might {unknown}
 i - a potion of mutation {unknown}
 o - 2 potions of ambrosia {unknown}


   Skills:
 - Level 1.7 Dodging
 - Level 2.4 Stealth
 + Level 4.0 Spellcasting
 - Level 1.1 Transmutations
 * Level 7.0 Earth Magic


You had 7 spell levels left.
You knew the following spells:

 Your Spells              Type           Power      Damage    Failure   Level
a - Sandblast             Erth           50%        2d12      1%          1
b - Passwall              Tmut/Erth      13%        N/A       6%          2
c - Stone Arrow           Conj/Erth      28%        3d8       16%         3

Your spell library contained the following spells:

 Spells                   Type           Power      Damage    Failure   Level
 Beastly Appendage        Tmut           12%        N/A       14%         1
 Wereblood                Tmut           6%         N/A       21%         2
 Ensorcelled Hibernation  Hex/Ice        6%         N/A       32%         2
 Lee's Rapid Deconstruct  Erth           12%        3d10*     32%         5
 Petrify                  Tmut/Erth      16%        N/A       36%         4
 Spider Form              Tmut/Pois      2%         N/A       45%         3
 Animate Armour           Summ/Erth      28%        N/A       45%         4
 Confusing Touch          Hex            3%         N/A       54%         3
 Gell's Gravitas          Tloc           1%         N/A       54%         3
 Borgnjor's Vile Clutch   Necr/Erth      7%         N/A       80%         5
 Ice Form                 Ice/Tmut       5%         N/A       86%         4
 Hydra Form               Tmut           3%         N/A       98%         5
 Metabolic Englaciation   Hex/Ice        1%         N/A       99%         5
 Silence                  Hex/Air        1%         N/A       99%         5
 Yara's Violent Unravell  Hex/Tmut       2%         3d3       99%         5
 Shadow Creatures         Summ           N/A        N/A       100%        6


Dungeon Overview and Level Annotations

Branches:
Dungeon (5/15)
 Temple: D:4-7

Altars:
Ashenzari
Vehumet

Shops:
D:4 =[[

Annotations:
D:4 1 runed translucent door, Crazy Yiuf, Pikel


Innate Abilities, Weirdness & Mutations

You cannot be hasted, slowed, berserked, paralysed or teleported.
You can dig through walls and to a lower floor.
You have a pair of large antennae on your head. (SInv)
Your four strong arms can wield two-handed weapons with a shield.


Message History

The lemure is severely wounded.
Pikel barely misses you.
Unknown command.
Unknown command.
Unknown command.
Casting: Sandblast (safe; 1% risk of failure)
Confirm with . or Enter, or press ? or * to list all spells.
Aiming: Sandblast (safe; 1% risk of failure)
Press: ? - help, Shift-Dir - straight line, f/p - Pikel
Aim: Pikel, wielding a +2 whip of flaming and wearing a +0 robe (76% to hit)
The blast of sand misses Pikel.
The blast of sand hits the lemure but does no damage.
The lemure is severely wounded.
Pikel hits you with a +2 whip of flaming!
* * * LOW HITPOINT WARNING * * *
Pikel burns you.
* * * LOW HITPOINT WARNING * * *
Unknown command.
Casting: Sandblast (safe; 1% risk of failure)
Confirm with . or Enter, or press ? or * to list all spells.
Aiming: Sandblast (safe; 1% risk of failure)
Press: ? - help, Shift-Dir - straight line, f/p - Pikel
Aim: Pikel, wielding a +2 whip of flaming and wearing a +0 robe (76% to hit)
The blast of sand hits Pikel but does no damage.
* * * LOW MAGIC WARNING * * *
Pikel hits you with a +2 whip of flaming.
* * * LOW HITPOINT WARNING * * *
Pikel burns you.
* * * LOW HITPOINT WARNING * * *
Casting: Sandblast (safe; 1% risk of failure)
Confirm with . or Enter, or press ? or * to list all spells.
Aiming: Sandblast (safe; 1% risk of failure)
Press: ? - help, Shift-Dir - straight line, f/p - Pikel
Aim: Pikel, wielding a +2 whip of flaming and wearing a +0 robe (76% to hit)
The blast of sand hits Pikel but does no damage.
* * * LOW MAGIC WARNING * * *
Pikel hits you with a +2 whip of flaming!
* * * LOW HITPOINT WARNING * * *
Pikel burns you.
You die...

.............##.#.#
.............##.#.##
###############.#..#
..........#..#.#
$.........#..#.##
..........#.....#######
..........#............
..........###.#..########
.........55K@............ {
.....(...5####....#########
..........<# #.)..........#
..........## ##.#...#####.#
..........# #........##.#
############### #...#.##.##.###
.#..........### #.............#
.#.#######....#####.#..#.#.##.#.#
.#.##### #....#.......>#.#....#.#


You could see Pikel and 3 lemures.

Vanquished Creatures
  Edmund (D:4)
  A lemure (D:4)
  2 hounds
  2 adders
  An ufetubus (D:4)
  An adder skeleton (D:4)
  3 dart slugs
  6 orcs
  4 bats
  7 endoplasms
  2 giant cockroaches
  2 goblins
  3 hobgoblins
  2 jackals (D:1)
  5 quokkas
  4 ball pythons
  6 frilled lizards
  4 kobolds
  7 rats
63 creatures vanquished.

Notes
Turn   | Place    | Note
-------+----------+-------------------------------------------
     0 | D:1      | lunkers the Formicid Earth Elementalist began the quest for
                  | the Orb.
     0 | D:1      | Reached XP level 1. HP: 13/13 MP: 3/3
   296 | D:1      | Reached skill level 4 in Earth Magic
   296 | D:1      | Reached XP level 2. HP: 19/19 MP: 1/5
   742 | D:1      | Reached XP level 3. HP: 24/24 MP: 4/6
  1055 | D:2      | Learned a level 2 spell: Passwall
  1059 | D:2      | Learned a level 3 spell: Stone Arrow
  1126 | D:2      | Found a faded altar of an unknown god.
  1662 | D:3      | Reached skill level 5 in Earth Magic
  1676 | D:3      | Reached XP level 4. HP: 30/30 MP: 1/8
  2452 | D:3      | You fall into a shaft and drop 2 floors!
  2452 | D:5      | Entered Level 5 of the Dungeon
  2485 | D:5      | Reached XP level 5. HP: 35/35 MP: 7/9
  2541 | D:4      | Found a radiant altar of Vehumet.
  2574 | D:4      | Found Hicax's Armour Emporium.
  2734 | D:4      | Found Satema's Jewellery Emporium.
  2781 | D:4      | Found a broken altar of Ashenzari.
  3037 | D:4      | Noticed Edmund
  3068 | D:4      | Killed Edmund
  3069 | D:4      | Reached skill level 6 in Earth Magic
  3069 | D:4      | Reached XP level 6. HP: 37/41 MP: 0/11
  3141 | D:4      | Found Unlunt's Armour Boutique.
  3304 | D:4      | Reached skill level 7 in Earth Magic
  3326 | D:4      | Found a runed translucent door.
  3327 | D:4      | Noticed Crazy Yiuf
  3375 | D:4      | Noticed Pikel
  3407 | D:4      | HP: 2/41 [Pikel/+2 whip of flaming (12)]
  3407 | D:4      | Slain by Pikel

Illustrated notes

Levels and vault maps discovered:
D:1:      lightli_arrival_noodles, layout_basic
D:2:      layout_basic, hellmonk_ecumenical_altar_pennies_from_heaven
D:3:      layout_basic, uniq_robin
D:4:      layout_basic, nicolae_ashenzari_skybound, nicolae_vehumet_altar_sigil,
          serial_shops, nicolae_shop_crystal, shop, nicolae_shop_behind_doors,
          uniq_edmund, uniq_crazy_yiuf_cottage, uniq_pikel
D:5:      cheibrodos_quashed, layout_loops_ring, nicolae_overflow_crystal_walls,
          minmay_temple_entry_glassed_door

Skill      XL: |  1  2  3  4  5  6 |
---------------+-------------------+-----
Earth Magic    | 4 5 6 7 |  7.0
Spellcasting   | 3 4 |  4.0
Dodging        | |  1.7
Stealth        | |  2.4
Transmutations | |  1.1

Action                   |  1- 3 |  4- 6 || total
-------------------------+-------+-------++-------
Melee: Unarmed           |    14 |   291 ||   305
       Dire flail        |       |    30 ||    30
 Cast: Sandblast         |    49 |    32 ||    81
       Stone Arrow       |       |    10 ||    10
 Abil: Shaft Self        |       |     1 ||     1
 Stab: Sleeping          |       |     1 ||     1
Armor: Robe              |     2 |       ||     2
       Troll leather arm |     1 |   129 ||   130
Dodge: Dodged            |    13 |   212 ||   225

Table legend: (Time is in decaauts)
 A = Elapsed time spent in this place.
 B = Non-inter-level travel time spent in this place.
 C = Inter-level travel time spent in this place.
 D = Time resting spent in this place.
 E = Time spent auto-exploring this place.
 F = Levels seen in this place.
 G = Mean time per level.
                   A        B        C        D        E       F      G
               +--------+--------+--------+--------+--------+-----+--------+
         Total |   3415 |   3395 |     20 |     42 |   2205 |   5 |  683.0 |
       Dungeon |   3415 |   3395 |     20 |     42 |   2205 |   5 |  683.0 |
               +--------+--------+--------+--------+--------+-----+--------+

Top non-repeatable levels by time:
     D:1: 994 daAuts
     D:4: 900 daAuts
     D:3: 858 daAuts
     D:2: 600 daAuts
     D:5: 62 daAuts
